cohdb
Replays
Latest Replays
All Replays
Popular Replays
Top Player Replays
Match Explorer
How It Works
Community
CoH3 Stats
Reddit
Sign in to upload your games and track your stats! →
Sign in with Steam
Match 42930658
Unlisted
Match 42930658
Overview
Messages
Build Orders
End
Royal Engineer Section
Construct Section Command Post
Infantry Section
Infantry Section
Infantry Section
Construct Platoon Command Post
CMP 15cwt Truck
Selects Heavy Armor Battlegroup
Selects Rigorous Vehicle Training
Light Vehicle Training
CMP 15cwt Truck
6-pounder Anti-tank Gun Team
Infantry Training
Grenade Package
Selects Light Vehicle Withdraw and Refit
Selects Radio Net
Selects Designate Targets
Designate Targets
Construct Company Command Post
Vickers Machine Gun Team
Darbesky
Surveillance-Buoy 2
Roosevelt's cat
Sieg oder Sibirien
0
0
Comments
sign in to comment!
No comments posted yet!